Map: Moonlight Madness LE (Void)

Players

MoonLjth

  • Race: Protoss Protoss
  • League: Platinum

iQuitBYE

  • Race: Protoss Protoss
  • League: Grandmaster

daquan

  • Race: Terran Terran
  • League: Grandmaster

One

  • Race: Terran Terran
  • League: Grandmaster

VOD

Have the link to the VOD?

Description

Time

  • Played on: Oct. 2, 2015, 9:25 p.m.
  • Length: 10:27
Show
View Real Time Build Order
Export as new Build Order

MoonLjth Protoss 

Build Orders: 1 Gate Expand, Blink Stalkers, Colossus Rush 

Get SALT Encoding   

  12  0:01  Probe (Chrono Boost)  
  13  0:13  Pylon  
  13  0:17  Probe (Chrono Boost)  
  14  0:27  Probe (Chrono Boost)  
  15  0:34  Gateway  
  15  0:38  Probe (Chrono Boost)  
  16  0:44  Assimilator  
  16  0:48  Probe (Chrono Boost)  
  17  0:51  Assimilator  
  17  0:59  Probe (Chrono Boost)  
  18  1:10  Probe (Chrono Boost)  
  19  1:20  Probe (Chrono Boost)  
  20  1:30  Nexus  
  20  1:35  Probe (Chrono Boost)  
  21  1:43  Cybernetics Core  
  21  1:50  Pylon  
  21  2:02  Probe (Chrono Boost)  
  22  2:13  Probe (Chrono Boost)  
  23  2:20  Warp Gate  
  23  2:21  Stalker  
  25  2:24  Mothership Core (Chrono Boost)  
  27  2:41  Twilight Council  
  27  2:42  Probe (Chrono Boost)  
  27  2:43  Probe (Chrono Boost)  
  29  2:51  Stalker (Chrono Boost)  
  29  2:52  Probe (Chrono Boost)  
  29  2:55  Probe (Chrono Boost)  
  33  3:00  Robotics Facility  
  33  3:03  Probe (Chrono Boost)  
  33  3:05  Probe  
  35  3:14  Probe (Chrono Boost)  
  36  3:24  Blink (Chrono Boost)  
  36  3:25  Probe  
  36  3:27  Probe  
  38  3:35  Probe  
  38  3:39  Probe  
  39  3:46  Probe  
  39  3:48  Observer  
  41  3:51  Probe  
  42  3:56  Probe  
  42  4:00  Nexus  
  43  4:03  Probe  
  43  4:07  Probe  
  43  4:09  Pylon, Assimilator  
  45  4:12  Observer  
  46  4:25  Probe  
  46  4:27  Probe  
  46  4:29  Robotics Bay  
  48  4:32  Assimilator  
  48  4:36  Probe  
  49  4:39  Stalker  
  51  4:48  Pylon  
  51  4:49  Probe  
  51  4:51  Probe  
  53  4:53  Gateway  
  53  4:56  Gateway  
  53  5:00  Observer (Chrono Boost)  
  53  5:03  Pylon  
  53  5:04  Probe  
  53  5:06  Probe  
  56  5:12  Stalker  
  56  5:13  Probe  
  58  5:15  Probe  
  58  5:18  Probe  
  58  5:21  Pylon  
  61  5:23  Probe  
  61  5:24  Colossus (Chrono Boost)  
  68  5:32  Extended Thermal Lance (Chrono Boost)  
  68  5:37  Probe  
  68  5:38  Probe, Pylon  
  68  5:39  Probe  
  71  5:47  Probe  
  72  5:50  Probe  
  72  5:51  Probe  
  72  5:54  Pylon  
  74  5:58  Stalker x2  
  78  6:12  Gateway  
  78  6:16  Colossus  
  82  6:20  Stalker  
  74  6:29  Stalker  
  74  6:30  Stalker  
  58  6:47  Stalker  
  59  6:55  Stalker x2  
  59  7:00  Mothership Core  
  61  7:01  Probe  
  63  7:08  Charge  
  63  7:16  Stalker x2  
  63  7:18  Probe  
  68  7:23  Nexus  
  68  7:25  Pylon  
  68  7:27  Pylon  
  68  7:30  Stalker x2  
  72  7:39  Pylon  
  72  7:40  Sentry x2  
  76  7:44  Probe  
  71  7:56  Stalker x2  
  69  8:03  Stalker  
  69  8:04  Stalker  
  69  8:05  Probe  
  73  8:06  Probe  
  75  8:15  Probe  
  75  8:18  Probe  
  77  8:22  Stalker  
  77  8:23  Stalker  
  77  8:26  Probe  
  78  8:29  Stalker x2  
  78  8:30  Probe  
  80  8:36  Probe  
  81  8:41  Gateway  
  81  8:42  Probe  
  81  8:43  Gateway  
  81  8:45  Probe  
  81  8:47  Probe  
  83  8:54  Stalker x2  
  81  9:00  Stalker x2  
  75  9:10  Colossus  
  77  9:19  Stalker  
  77  9:20  Stalker  
  79  9:29  Zealot  
  79  9:30  Zealot  
  79  9:41  Gateway  
  79  9:44  Gateway  
  75  9:45  Zealot x2  
  75  9:46  Zealot  
  75  9:48  Probe x2  
  75  9:49  Probe  
  84  9:55  Zealot x2  
  86  10:06  Zealot x2  
  72  10:16  Zealot  
  72  10:17  Zealot  
  72  10:26  Zealot x2  
Show
View Real Time Build Order
Export as new Build Order

iQuitBYE Protoss 

Build Orders:  

Get SALT Encoding   

  12  0:00  SCV  
  13  0:13  SCV  
  14  0:18  Supply Depot  
  14  0:25  SCV  
  15  0:40  SCV  
  15  0:41  Barracks  
  16  0:44  Refinery  
  16  0:52  SCV  
  17  1:04  SCV  
  18  1:16  SCV  
  19  1:28  Reaper  
  19  1:30  Orbital Command  
  20  1:33  Supply Depot  
  20  1:57  SCV  
  21  2:02  Barracks Reactor  
  21  2:07  Command Center  
  21  2:09  SCV  
  21  2:13  Barracks  
  22  2:21  SCV  
  23  2:27  Barracks  
  23  2:36  Engineering Bay  
  23  2:38  Marine x2  
  25  2:45  SCV  
  26  2:56  Marine x2  
  26  2:58  SCV  
  29  3:02  Barracks Tech Lab  
  29  3:15  Barracks Tech Lab  
  29  3:16  Missile Turret  
  29  3:19  Missile Turret  
  29  3:21  Orbital Command  
  29  3:22  Marine  
  29  3:23  Marine  
  29  3:25  Stimpack  
  29  3:26  SCV  
  32  3:38  SCV  
  32  3:44  Bunker  
  32  3:47  Marauder, Marine  
  35  3:48  SCV  
  35  3:50  SCV  
  37  3:58  Supply Depot  
  37  3:59  Marine  
  37  4:00  Marine  
  37  4:01  SCV  
  40  4:06  SCV  
  40  4:09  Marauder  
  43  4:10  Refinery  
  43  4:14  SCV, Supply Depot  
  44  4:17  Refinery  
  44  4:20  SCV  
  44  4:24  Marine x2  
  45  4:25  Marauder  
  45  4:30  SCV  
  50  4:37  Supply Depot x2  
  50  4:42  SCV  
  50  4:44  Factory  
  51  4:46  SCV  
  51  4:50  Marine x2  
  51  4:51  Marauder  
  56  4:54  Marauder  
  58  5:03  Combat Shields  
  58  5:05  SCV  
  59  5:08  Marine  
  59  5:11  SCV  
  59  5:12  Marauder  
  63  5:15  Terran Infantry Weapons Level 1  
  63  5:19  SCV  
  63  5:20  Engineering Bay  
  64  5:25  Supply Depot  
  64  5:26  Marine  
  65  5:33  Starport  
  65  5:34  Factory Reactor  
  65  5:35  SCV x2  
  67  5:40  Refinery  
  67  5:42  Concussive Shells  
  67  5:52  Marine x2  
  67  5:53  Marauder x2  
  67  5:55  SCV x2  
  75  6:09  Terran Infantry Armor Level 1  
  75  6:10  Marine  
  76  6:13  SCV x2  
  76  6:14  Marauder  
  80  6:18  Medivac x2  
  80  6:28  Marauder, Marine x2  
  81  6:35  Marine  
  79  6:46  Marine x2  
  78  6:50  Marauder  
  78  6:53  Barracks, Marine  
  75  7:04  Marine x2  
  75  7:05  Command Center  
  77  7:10  Barracks  
  77  7:11  Marauder, Marine  
  80  7:20  SCV x2  
  80  7:21  Armory, Medivac x2  
  86  7:25  Supply Depot  
  86  7:26  Supply Depot  
  86  7:28  Marine x2  
  86  7:29  Marauder  
  90  7:32  Marine  
  91  7:44  Barracks  
  91  7:45  Marine  
  91  7:50  Marauder  
  89  7:57  Marine  
  89  7:58  Barracks  
  89  8:00  Barracks Tech Lab  
  89  8:01  Barracks Tech Lab  
  89  8:02  Marauder  
  89  8:03  Medivac  
  89  8:04  Medivac  
  89  8:05  Marine  
  95  8:09  SCV x2  
  99  8:15  Marine  
  99  8:17  Orbital Command  
  98  8:21  SCV  
  98  8:22  Marine  
  98  8:23  Marine  
  98  8:24  Marauder  
  103  8:30  Marine x2  
  101  8:36  Marine  
  101  8:40  Marauder  
  101  8:41  Marine  
  97  8:45  Marauder  
  97  8:48  Marine  
  98  8:56  Marine x2  
  98  8:58  Marine  
  98  9:00  SCV  
  98  9:01  SCV x2  
  98  9:02  Marauder  
  97  9:06  Marauder x2  
  97  9:14  Marine x2  
  97  9:15  Viking x2  
  97  9:16  Marine  
  103  9:18  Barracks Reactor x2  
  103  9:22  SCV x3, Marine  
  107  9:27  Marine  
  107  9:28  Marauder  
  109  9:32  Marine  
  109  9:33  Marauder  
  110  9:40  SCV x2  
  110  9:41  Marine  
  110  9:42  Marauder  
  117  9:45  Marauder  
  117  9:49  Marine  
  117  9:50  Marine  
  119  9:54  Marauder  
  119  9:59  Marine  
  126  10:00  Marine x3  
  126  10:01  Marine  
  126  10:03  Marauder  
  126  10:06  Marine  
  131  10:07  Marine  
  130  10:14  Command Center  
  130  10:19  Supply Depot  
Show
View Real Time Build Order
Export as new Build Order

daquan Terran 

Build Orders:  

Get SALT Encoding   

Show
View Real Time Build Order
Export as new Build Order

One Terran 

Build Orders:  

Get SALT Encoding   

Tags
 
Add a new tag
Caveats
  • Supply blocks, unpowered buildings, or Contaminate may cause inaccurate times.
  • Supply counts are checked every 10 seconds.